 Dungeon Crawl Stone Soup version 0.25-a0-306-g3faca94 (webtiles) character file.

Game seed: 7242981011324603077, levelgen mode: deterministic

210 Derekchristopherson the Skirmisher (level 5, 0/33 HPs)
             Began as a Gargoyle Fighter on Dec 20, 2019.
             Slain by a scorpion (5 damage)
             ... on level 4 of the Dungeon.
             The game lasted 00:05:22 (2451 turns).

Derekchristopherson the Skirmisher (GrFi)           Turns: 2451, Time: 00:05:24

Health: 0/33       AC: 11    Str: 20    XL:     5   Next: 88%
Magic:  5/5        EV:  7    Int: 12    God:
Gold:   139        SH:  9    Dex:  9    Spells: 4/4 levels left

rFire    . . .     SeeInvis .   a - +0 flail
rCold    . . .     Gourm    .   c - +0 shield
rNeg     + . .     Faith    .   b - +0 scale mail
rPois    ∞         Spirit   .   (no helmet)
rElec    +         Reflect  .   (no cloak)
rCorr    .         Harm     .   (no gloves)
MR       .....                  (no boots)
Stlth    ..........             (no amulet)
HPRegen  0.11/turn              h - +3 ring of intelligence
MPRegen  0.09/turn              (no ring)

@: no status effects
A: negative energy resistance 1, electricity resistance, unbreathing,
petrification resistance, rot immunity, AC +4
a: no special abilities


You were on level 4 of the Dungeon.
You were not hungry.

You visited 1 branch of the dungeon, and saw 4 of its levels.

You collected 139 gold pieces.

Inventory:

Hand Weapons
 a - a +0 flail (weapon)
Armour
 b - a +0 scale mail (worn)
 c - a +0 shield (worn)
 l - a +0 large shield
Jewellery
 h - a +3 ring of intelligence (left hand)
Scrolls
 g - 2 scrolls of enchant armour {unknown}
 n - a scroll of blinking {unknown}
 o - a scroll of magic mapping {unknown}
Potions
 d - 2 potions of might
 e - a potion of haste {unknown}
 i - 2 potions of heal wounds {unknown}
 j - a potion of invisibility {unknown}
 k - a potion of mutation {unknown}
 m - 2 potions of ambrosia {unknown}
 p - a potion of degeneration {unknown}
 q - a potion of lignification {unknown}
Comestibles
 f - 8 rations
 r - 5 chunks of flesh


   Skills:
 + Level 4.1 Fighting
 + Level 4.1 Maces & Flails
 + Level 4.1 Armour
 + Level 0.7 Dodging
 + Level 4.1 Shields


You had 4 spell levels left.
You didn't know any spells.
Your spell library was empty.

Dungeon Overview and Level Annotations

Branches:
Dungeon (4/15)
 Temple: D:4-7

Altars:


Innate Abilities, Weirdness & Mutations

You are resistant to torment.
Your stone body is resilient. (AC +4)
You are immune to poison.
You resist negative energy. (rN+)
You are resistant to electric shocks. (rElec)
You can survive without breathing.
You are immune to petrification.
You are immune to rotting.


Message History

The scorpion stings you but does no damage.
You hit the scorpion but do no damage.
The scorpion is severely wounded.
The worker ant bites you. The leopard gecko skeleton bites you.
The scorpion stings you.
* * * LOW HITPOINT WARNING * * *
The worker ant bites you but does no damage.
You barely miss the scorpion.
The scorpion is severely wounded.
The leopard gecko skeleton bites you but does no damage.
The scorpion completely misses you. The worker ant barely misses you.
The leopard gecko skeleton bites you but does no damage.
You completely miss the scorpion.
The scorpion is severely wounded.
The scorpion stings you.
* * * LOW HITPOINT WARNING * * *
The worker ant closely misses you.
The leopard gecko skeleton barely misses you.
The scorpion stings you.
You die...

....#......#.##..# .#
....#...#.....##.##.###
>.....#.#.............#
....#...#...#.........#
.......##.#...........##
.......##.###...........
...#.####.# #..........#
##...# #.# #..$.a.....#
#### #.# #...@......#
###.sZ...#.# ...........
#####......# .......
......# ....... .####..


You could see a scorpion, a worker ant and a leopard gecko skeleton.

Vanquished Creatures
  A hound (D:4)
  2 worker ants (D:4)
  A hound zombie (D:4)
  3 adders
  3 worms (D:2)
  4 dart slugs
  A leopard gecko (D:1)
  An orc (D:3)
  2 ball pythons
  5 giant cockroaches
  12 goblins
  4 hobgoblins
  5 jackals
  9 kobolds
  A quokka (D:3)
  9 bats
  7 frilled lizards
  A quokka skeleton (D:2)
  6 rats
77 creatures vanquished.

Notes
Turn   | Place    | Note
-------+----------+-------------------------------------------
     0 | D:1      | Derekchristopherson the Gargoyle Fighter began the quest
                  | for the Orb.
     0 | D:1      | Reached XP level 1. HP: 14/14 MP: 1/1
    87 | D:1      | Reached XP level 2. HP: 10/19 MP: 2/2
   306 | D:1      | Reached XP level 3. HP: 20/23 MP: 3/3
   710 | D:2      | Reached XP level 4. HP: 10/28 MP: 4/4
  1994 | D:3      | Reached XP level 5. HP: 33/33 MP: 5/5
  2451 | D:4      | Slain by a scorpion

Levels and vault maps discovered:
D:1:      co_arrival_random_square_maze, layout_basic
D:2:      kennysheep_big_flooded_room, layout_loops_ring, minmay_crystal_water
D:3:      layout_basic, solitary_fountain, wad_floor_pattern_untrapped
D:4:      layout_rooms, first_ration, minmay_manual_monstrance

Skill      XL: |  1  2  3  4  5 |
---------------+----------------+-----
Maces & Flails | 3 4 |  4.1
Shields        | 4 |  4.1
Fighting       | 4 |  4.1
Armour         | 4 |  4.1
Dodging        | |  0.7

Action                   |  1- 3 |  4- 6 || total
-------------------------+-------+-------++-------
Melee: Flail             |   158 |   202 ||   360
  Use: Scroll            |     4 |     1 ||     5
  Eat: Chunk             |       |     6 ||     6
Armor: Scale mail        |    78 |   118 ||   196
Dodge: Dodged            |    54 |    86 ||   140
Block: Shield            |    76 |   117 ||   193

Table legend:
 A = Non-vault XP
 B = Vault XP
 C = Vault XP percentage of total XP
 D = Non-vault monster count
 E = Vault monster count
 F = Vault count percentage of total count
                 A         B        C        D         E       F
            +---------+---------+-------+---------+---------+-------
      Total |     298 |       3 |   1.0 |      75 |       2 |   2.6
            +---------+---------+-------+---------+---------+-------
        D:1 |      55 |       0 |   0.0 |      29 |       0 |   0.0
        D:2 |      75 |       3 |   3.8 |      26 |       2 |   7.1
        D:3 |      37 |       0 |   0.0 |      15 |       0 |   0.0
        D:4 |     131 |       0 |   0.0 |       5 |       0 |   0.0
            +---------+---------+-------+---------+---------+-------
